 Dungeon Crawl Stone Soup version 0.23.2-33-g5129a83184 (webtiles) character file.

Game seed: 10894995882201656697

449 Folque the Conjurer (level 6, -5/51 HPs)
             Began as a Demigod Conjurer on July 26, 2019.
             Slain by a gnoll
             ... wielding a +0 club
              (8 damage)
             ... on level 3 of the Dungeon.
             The game lasted 00:10:36 (3839 turns).

Folque the Conjurer (Demigod Conjurer)              Turns: 3839, Time: 00:10:36

Health: -5/51      AC:  3    Str: 11    XL:     6   Next: 45%
Magic:  3/14       EV: 12    Int: 23    God:
Gold:   164        SH:  0    Dex: 14    Spells: 2/12 levels left

rFire    + . .     SeeInvis .   f - +2 dagger (vamp)
rCold    + . .     Gourm    .   (no shield)
rNeg     . . .     Faith    .   a - +0 robe
rPois    +         Spirit   .   (no helmet)
rElec    +         Reflect  .   g - +0 cloak
rCorr    +         Harm     .   (no gloves)
MR       .....     Rnd*Rage +   (no boots)
Stlth    ++........             (no amulet)
HPRegen  0.17/turn              (no ring)
MPRegen  0.14/turn              (no ring)

@: resistant
A: hooves 1, berserk 1, clumsy 1, high mp 1, robust 1
a: no special abilities


You were on level 3 of the Dungeon.
You were not hungry.

You visited 1 branch of the dungeon, and saw 4 of its levels.

You collected 164 gold pieces.

Inventory:

Hand Weapons
 f - a +2 vampiric dagger (weapon)
Armour
 a - a +0 robe (worn)
 g - a +0 cloak (worn)
 m - a +0 ring mail
 s - a cursed +0 ring mail
Jewellery
 b - an uncursed ring of protection from magic {unknown}
 n - an uncursed ring of fire {unknown}
Wands
 t - a wand of digging (3)
Scrolls
 c - 3 scrolls of fog {unknown}
 e - a scroll of teleportation {unknown}
 j - a scroll of remove curse {unknown}
 k - 5 scrolls of identify {unknown}
 l - 2 scrolls of enchant armour {unknown}
 o - a scroll of immolation {unknown}
 q - 2 scrolls of enchant weapon {unknown}
 v - a scroll of amnesia {unknown}
Potions
 d - a potion of lignification {unknown}
 w - a potion of curing {unknown}
Comestibles
 h - 6 rations


   Skills:
 - Level 1.2 Fighting
 - Level 1.7 Dodging
 - Level 1.7 Stealth
 + Level 3.8 Spellcasting
 + Level 4.8 Conjurations
 * Level 3.5 Hexes


You had 2 spell levels left.
You knew the following spells:

 Your Spells              Type           Power        Failure   Level  Hunger
a - Magic Dart            Conj           ####         1%          1    None
b - Searing Ray           Conj           ####..       2%          2    #......
c - Dazzling Spray        Conj/Hex       ###...       6%          3    ###....
d - Fulminant Prism       Conj/Hex       ###.......   19%         4    ####...

Your spell library contained the following spells:

 Spells                   Type           Power        Failure   Level  Hunger
 Iskenderun's Mystic Bla  Conj           ####....     14%         4    ####...
 Force Lance              Conj/Tloc      ###.....     36%         4    ####...


Dungeon Overview and Level Annotations

Branches:
Dungeon (4/15)
 Temple: D:4-7


Innate Abilities, Weirdness & Mutations

You have an increased reservoir of magic. (+10% MP)
You have large cloven feet.
You tend to lose your temper in combat.
You are clumsy. (Dex -2)
You are robust. (+10% HP)


Message History

* * * LOW HITPOINT WARNING * * *
There is an escape hatch in the floor here.
The gnoll shaman is no longer blind.
The gnoll shaman barely misses you.
The gnoll shaman calls upon its god to speed up the gnoll.
The gnoll seems to speed up.
You barely miss the gnoll.
The gnoll is moderately wounded.
The gnoll hits you with a +0 club!
* * * LOW HITPOINT WARNING * * *
It was a potion of mutation.
You feel extremely strange.
You feel robust.
You feel a little pissed off.
You feel clumsy.
Your feet thicken and deform.
The gnoll barely misses you.
Unknown command.
Unknown command.
Okay, then.
It was a potion of resistance.
You feel protected. The gnoll hits you with a +0 club!
You die...

..........##.#.#..≈≈≈≈≈..≈.≈#≈≈.#
##.######........#≈≈≈≈≈.(.#≈≈≈≈#.
#.# ######.####≈≈≈≈≈≈≈≈≈≈≈...
##.#### ### ##.≈≈≈≈≈≈≈...##
......# #.##≈≈.≈≈##.## ......#
#.###...##### ......###########
#.###...###
............>...###......^..#####
......#########.@gg....<.........
......# #######.>>....#####
......# ###...### ####### #...#
#####


You could see a gnoll shaman and a gnoll.

Vanquished Creatures
  A phantom (D:4)
  3 orc priests (D:3)
  An orc wizard (D:4)
  A worker ant (D:4)
  10 adders
  2 gnolls (D:4)
  2 oozes (D:3)
  11 dart slugs
  2 leopard geckos
  6 orcs
  6 ball pythons
  2 giant cockroaches (D:1)
  7 goblins
  4 hobgoblins
  4 jackals (D:3)
  A quokka (D:2)
  6 bats
  2 frilled lizards
  9 kobolds
  2 rats
82 creatures vanquished.

Vanquished Creatures (others)
  2 fulminant prisms
2 creatures vanquished.

Grand Total: 84 creatures vanquished

Notes
Turn   | Place    | Note
-------+----------+-------------------------------------------
     0 | D:1      | Folque the Demigod Conjurer began the quest for the Orb.
     0 | D:1      | Reached XP level 1. HP: 14/14 MP: 5/5
   324 | D:1      | Reached XP level 2. HP: 22/22 MP: 7/7
   331 | D:1      | Learned a level 2 spell: Searing Ray
  1154 | D:2      | Reached skill level 1 in Fighting
  1417 | D:2      | Found a blossoming altar of Fedhas.
  1452 | D:2      | Reached XP level 3. HP: 25/28 MP: 9/9
  1492 | D:2      | Learned a level 3 spell: Dazzling Spray
  1635 | D:2      | Found a faded altar of an unknown god.
  1789 | D:3      | Reached skill level 4 in Conjurations
  1950 | D:3      | Reached XP level 4. HP: 27/35 MP: 2/11
  2111 | D:3      | Reached skill level 1 in Hexes
  2551 | D:3      | Found a white marble altar of Elyvilon.
  2558 | D:3      | Found a burning altar of Makhleb.
  2564 | D:3      | Found a blossoming altar of Fedhas.
  2576 | D:3      | Found a shattered altar of Ashenzari.
  2581 | D:3      | Found a deep blue altar of Sif Muna.
  2590 | D:3      | Found a sacrificial altar of Ru.
  2595 | D:3      | Found a shadowy altar of Dithmenos.
  2642 | D:3      | Found a stormy altar of Qazlal.
  2645 | D:3      | Found a hazy altar of Hepliaklqana.
  2648 | D:3      | Found a shimmering altar of Xom.
  2812 | D:3      | Reached XP level 5. HP: 30/40 MP: 7/12
  2821 | D:3      | Learned a level 4 spell: Fulminant Prism
  3450 | D:4      | Noticed a phantom
  3499 | D:4      | Killed a phantom
  3499 | D:4      | Reached XP level 6. HP: 8/47 MP: 0/14
  3838 | D:3      | Gained mutation: You are robust. (+10% HP) [potion of
                  | mutation]
  3838 | D:3      | Gained mutation: You tend to lose your temper in combat.
                  | [potion of mutation]
  3838 | D:3      | Gained mutation: You are clumsy. (Dex -2) [potion of
                  | mutation]
  3838 | D:3      | Gained mutation: You have large cloven feet. [potion of
                  | mutation]
  3839 | D:3      | Slain by a gnoll

Skill      XL: |  1  2  3  4  5 |
---------------+----------------+-----
Spellcasting   | 2 3 |  3.8
Fighting       | 1 |  1.2
Conjurations   | 4 |  4.8
Hexes          | 1 3 |  3.5
Dodging        | |  1.7
Stealth        | |  1.7

Action                   |  1- 3 |  4- 6 || total
-------------------------+-------+-------++-------
Melee: Dagger            |    57 |    98 ||   155
 Cast: Magic Dart        |     9 |     5 ||    14
       Searing Ray       |     6 |    18 ||    24
       Dazzling Spray    |     3 |     4 ||     7
       Fulminant Prism   |       |     2 ||     2
  Use: Potion            |       |     3 ||     3
 Stab: Sleeping          |     7 |     7 ||    14
  Eat: Ration            |     1 |       ||     1
       Chunk             |     5 |     7 ||    12
Armor: Robe              |    17 |    19 ||    36
Dodge: Dodged            |    38 |    62 ||   100
